Map: White Rabbit LE

Players

tatchka - Winner!

  • Race: Zerg Zerg
  • League: Diamond
  • Spawn Location: 1:00

JobDone

  • Race: Zerg Zerg
  • League: Diamond
  • Spawn Location: 7:00

VOD

Have the link to the VOD?

Description

Time

  • Played on: June 14, 2026, 10:30 p.m.
  • Length: 5:50
Show
View Real Time Build Order
Export as new Build Order

tatchka Zerg - Winner!

Build Orders: Hatch First 

Get SALT Encoding   

  12  0:00  Drone  
  13  0:11  Drone  
  14  0:17  Extractor, Drone  
  14  0:18  Extractor  
  13  0:22  Drone  
  16  0:32  Overlord  
  16  0:49  Hatchery  
  15  0:54  Drone  
  16  0:57  Extractor, Drone  
  16  1:00  Drone  
  17  1:17  Spawning Pool  
  16  1:19  Drone  
  16  1:22  Drone  
  18  1:38  Extractor  
  18  1:39  Drone  
  18  1:40  Drone  
  19  1:48  Drone  
  20  2:01  Drone  
  20  2:02  Drone  
  20  2:04  Roach Warren, Queen  
  23  2:10  Overlord  
  23  2:13  Drone  
  24  2:22  Zergling x2  
  25  2:23  Zergling x2  
  15  2:56  Roach x2  
  17  3:20  Ravager  
  16  4:23  Drone  
Show
View Real Time Build Order
Export as new Build Order

JobDone Zerg 

Build Orders: Pool Only 

Get SALT Encoding   

  12  0:01  Drone  
  13  0:11  Drone  
  14  0:30  Spawning Pool  
  14  0:34  Overlord  
  13  0:43  Drone  
  14  1:17  Zergling x6  
  17  1:29  Zergling x2  
  18  1:51  Zergling x2  
  18  1:52  Zergling x2  
  20  2:00  Zergling x2  
  21  2:13  Zergling x2  
  22  2:31  Spine Crawler  
  22  2:33  Spine Crawler  
  22  2:34  Spine Crawler  
  6  3:08  Drone  
  6  3:09  Drone  
  8  4:08  Drone x2  
  6  4:26  Drone  
  7  4:36  Zergling x2  
  6  4:53  Zergling x2  
  7  5:10  Spine Crawler  
Tags
 
Add a new tag
Caveats
  • Supply blocks, unpowered buildings, or Contaminate may cause inaccurate times.
  • Supply counts are checked every 10 seconds.